 Dungeon Sprint DCSS version 0.27-a0-538-g15ff5c5295 (webtiles) character file.

Game seed: 731475587838510641

24236 mhtbhm the Executioner (level 12, -6/127 (129) HPs)
             Began as a Minotaur Fighter on Mar 6, 2021.
             Was a High Priest of Trog.
             Mangled by a profane servitor
             ... wielding a +3 whip of electrocution
              (18 damage)
             ... in the Dungeon (Sprint VII: "The Pits").
             The game lasted 00:06:22 (3113 turns).

mhtbhm the Executioner (Minotaur Fighter)           Turns: 3113, Time: 00:06:22

HP:   -6/127 (129)  AC: 17    Str: 25    XL:     12   Next: 78%
MP:   11/11         EV: 16    Int:  5    God:    Trog [*****.]
Gold: 62            SH: 15    Dex: 11    Spells: 11/11 levels left

rFire    + . .     SeeInvis .   a - +4 broad axe (vorpal)
rCold    . . .     Faith    .   c - +0 kite shield
rNeg     . . .     Spirit   .   b - +2 scale mail {rPois}
rPois    +         Reflect  .   s - +2 hat {Stlth+}
rElec    .         Harm     .   q - +0 cloak
rCorr    .         Rampage  .   p - +0 pair of gloves
Will     ++...     NoTele   +   (no boots)
Stlth    +.........             (no amulet)
HPRegen  1.31/turn              y - ring of protection from fire
MPRegen  0.12/turn              n - +3 ring of evasion

@: berserk cooldown, regenerating, slowed, wreathed by umbra, lightly drained,
very slow
A: horns 2, retaliatory headbutt
a: Renounce Religion, Berserk, Trog's Hand, Brothers in Arms


You were in the Dungeon.
You worshipped Trog.
Trog was extremely pleased with you.
You visited 1 branch You collected 62 gold pieces.

Inventory:

Hand Weapons
 a - a +4 vorpal broad axe (weapon)
 B - the +8 arbalest of Honour {flame, rElec rPois Str-4 Dex-3}
   (You found it in the Dungeon)

   It causes projectiles fired from it to burn those they strike, causing extra
   injury to most foes and up to half again as much damage against particularly
   susceptible opponents.
   It affects your strength (-4).
   It affects your dexterity (-3).
   It insulates you from electricity.
   It protects you from poison.
Missiles
 r - 13 javelins
 t - 7 silver javelins (quivered)
Armour
 b - a +2 scale mail of poison resistance (worn)
 c - a +0 kite shield (worn)
 p - a +0 pair of gloves (worn)
 q - a +0 cloak (worn)
 s - a +2 hat of stealth (worn)
 C - the +4 Cigotuvi's embrace {rMiasma *Drain rN+}
   (You found it in the Dungeon)

   It protects you from negative energy.
   It causes draining when unequipped.
Jewellery
 n - a +3 ring of evasion (right hand)
 w - a ring of protection from cold
 y - a ring of protection from fire (left hand)
Wands
 m - a wand of mindburst (9)
Scrolls
 j - 5 scrolls of blinking
 l - a scroll of summoning
 u - 4 scrolls of enchant armour
 v - a scroll of enchant weapon
Potions
 d - 4 potions of might
 e - 10 potions of curing
 f - 11 potions of heal wounds
 g - 2 potions of haste
 h - 4 potions of magic
 i - 3 potions of berserk rage
 k - 2 potions of invisibility
 o - a potion of mutation
 z - a potion of ambrosia {unknown}
Miscellaneous
 x - a phantom mirror


   Skills:
 + Level 18.9 Fighting
 + Level 21.7 Axes
 + Level 16.4 Armour
 + Level 7.7 Dodging
 + Level 2.2 Stealth
 + Level 17.4 Shields


You had 11 spell levels left.
You didn't know any spells.
Your spell library was empty.

Dungeon Overview and Level Annotations

Branches:
Dungeon (1/1)

Altars:
Ashenzari
Cheibriados
Dithmenos
Elyvilon
Fedhas
Gozag
Hepliaklqana
Kikubaaqudgha
Makhleb
Nemelex Xobeh
Okawaru
Qazlal
Ru
Sif Muna
Trog
Uskayaw
Vehumet
Wu Jian
Xom
Yredelemnul
Zin
The Shining One
Beogh
Jiyva
Lugonu


Innate Abilities, Weirdness & Mutations

You have a pair of horns on your head.
You reflexively headbutt those who attack you in melee.


Message History

The killer bee stings your stone giant but does no damage.
The profane servitor hits you with a +3 whip of electrocution!
* * * LOW HITPOINT WARNING * * *
The profane servitor draws strength from your injuries!
The profane servitor misses you. The anaconda bites your stone giant!
Your stone giant dies!
Your stone giant's corpse disappears in a puff of smoke!
Your troll closely misses the profane servitor.
Your troll barely misses the profane servitor.
Your troll closely misses the profane servitor.
The profane servitor hits you but does no damage.
You are electrocuted!
* * * LOW HITPOINT WARNING * * *
You block the profane servitor's attack.
Your troll barely misses the profane servitor.
Your troll misses the profane servitor.
Your troll claws the profane servitor!
You miss the profane servitor.
Your headbutt misses the profane servitor.
The profane servitor is almost destroyed.
The killer bee stings your troll.
Your troll is poisoned.
The killer bee poisons your troll!
The profane servitor hits you with a +3 whip of electrocution.
* * * LOW HITPOINT WARNING * * *
The profane servitor draws strength from your injuries!
The profane servitor hits you but does no damage.
The anaconda grabs your troll. The anaconda barely misses your troll.
The anaconda constricts your troll. The killer bee stings your troll.
Your troll looks as sick as possible!
The killer bee poisons your troll!
Your troll closely misses the killer bee.
Your troll claws the killer bee!
The killer bee dies!
Trog accepts your kill.
Unknown command.
You barely miss the profane servitor.
The profane servitor is almost destroyed.
The anaconda bites your troll! The anaconda constricts your troll.
The profane servitor hits you with a +3 whip of electrocution!!
You die...

###################
#..................
#..................
#.@################ #TA# .# #.#
#S†# E# #G## #o4# H# #o# # #oo#
|# #o# # #..# ?#y# #
#..#########o######
#############....CSyo...G......
#_________.##.....4oo..........


You could see a profane servitor, an anaconda (ally target), an ice devil, an
orc warrior, 2 orcs and a friendly troll (summoned, berserk, extremely
poisoned).

Vanquished Creatures
  A bone dragon (D)
  Gastronok (D)
  A vampire knight (D)
  An ophan (D)
  A minotaur (D)
  2 boulder beetles (D)
  2 alligator snapping turtles (D)
  2 two-headed ogres (D)
  Urug (D)
  A dancing weapon (D)
  A flayed ghost (D)
  An unseen horror (D)
  3 phantasmal warriors (D)
  2 molten gargoyles (D)
  2 gargoyles (D)
  A rime drake (D)
  Psyche (D)
  A freezing wraith (D)
  A merfolk (D)
  A polar bear (D)
  3 slime creatures (D)
  6 dream sheep (D)
  8 blink frogs (D)
  2 snapping turtles (D)
  A spriggan (D)
  A water elemental (D)
  A tarantella (D)
  A fire elemental (D)
  A steam dragon (D)
  2 vampire mosquitoes (D)
  A soldier ant (D)
  Purgy (D)
  An ice beast (D)
  A necrophage (D)
  A sky beast (D)
  5 wolves (D)
  A centaur (D)
  A phantom (D)
  5 wights (D)
  A jelly (D)
  An iron imp (D)
  A hell rat (D)
  2 iguanas (D)
  An adder (D)
  3 gnolls (D)
  A white imp (D)
  An ooze (D)
  A worm (D)
  2 leopard geckos (D)
  2 orcs (D)
  A giant cockroach (D)
  2 goblins (D)
  2 hobgoblins (D)
  3 quokkas (D)
  A kobold (D)
  A leopard gecko zombie (D)
96 creatures vanquished.

Vanquished Creatures (collateral kills)
  A great orb of eyes (D)
  A hydra (D)
  A cyclops (D)
  A blink frog (D)
  A water elemental (D)
  A water moccasin (D)
  A killer bee (D)
  An adder zombie (D)
8 creatures vanquished.

Grand Total: 104 creatures vanquished

Notes
Turn   | Place    | Note
-------+----------+-------------------------------------------
     0 | D        | mhtbhm the Minotaur Fighter began the quest for the Orb.
     0 | D        | Reached XP level 1. HP: 19/19 MP: 0/0
    21 | D        | Found a bloodstained altar of Trog.
    21 | D        | Found a shimmering blue altar of Sif Muna.
    21 | D        | Found a viscous altar of Jiyva.
    21 | D        | Found a hazy altar of Hepliaklqana.
    21 | D        | Found an opulent altar of Gozag.
    22 | D        | Found a glowing golden altar of the Shining One.
    22 | D        | Found a glowing silver altar of Zin.
    22 | D        | Found a basalt altar of Yredelemnul.
    22 | D        | Found a shimmering altar of Xom.
    22 | D        | Found an ornate altar of the Wu Jian Council.
    22 | D        | Found a sacrificial altar of Ru.
    22 | D        | Found a stormy altar of Qazlal.
    22 | D        | Found an iron altar of Okawaru.
    22 | D        | Found a sparkling altar of Nemelex Xobeh.
    22 | D        | Found a burning altar of Makhleb.
    22 | D        | Found a blossoming altar of Fedhas.
    22 | D        | Found a white marble altar of Elyvilon.
    22 | D        | Found a shadowy altar of Dithmenos.
    22 | D        | Found a snail-covered altar of Cheibriados.
    24 | D        | Found a radiant altar of Vehumet.
    24 | D        | Found a corrupted altar of Lugonu.
    26 | D        | Became a worshipper of Trog the Wrathful
    71 | D        | Reached skill level 3 in Axes
    71 | D        | Reached XP level 2. HP: 24/28 MP: 1/1
   115 | D        | Reached * piety under Trog
   128 | D        | Reached ** piety under Trog
   129 | D        | Reached skill level 5 in Fighting
   129 | D        | Reached skill level 5 in Shields
   131 | D        | Reached skill level 5 in Armour
   131 | D        | Reached XP level 3. HP: 28/36 MP: 2/2
   228 | D        | Noticed Purgy
   229 | D        | Noticed an ice beast
   233 | D        | Reached skill level 4 in Axes
   234 | D        | Killed an ice beast
   234 | D        | Reached *** piety under Trog
   235 | D        | Reached skill level 6 in Axes
   235 | D        | Reached XP level 4. HP: 47/47 MP: 3/3
   235 | D        | Reached XP level 5. HP: 52/52 MP: 4/4
   237 | D        | Killed Purgy
   238 | D        | Reached skill level 7 in Axes
   238 | D        | Reached XP level 6. HP: 62/62 MP: 5/5
   241 | D        | Reached **** piety under Trog
   242 | D        | Reached skill level 8 in Axes
   317 | D        | Reached skill level 1 in Dodging
   336 | D        | Reached skill level 9 in Axes
   342 | D        | Reached ***** piety under Trog
   417 | D        | Noticed a freezing wraith
   427 | D        | Killed a freezing wraith
   428 | D        | Reached skill level 10 in Fighting
   428 | D        | Reached skill level 10 in Axes
   428 | D        | Reached skill level 10 in Shields
   428 | D        | Reached XP level 7. HP: 72/72 MP: 6/6
   546 | D        | Found a hide-covered altar of Uskayaw.
   546 | D        | Found an ancient bone altar of Kikubaaqudgha.
   546 | D        | Found a broken altar of Ashenzari.
   570 | D        | Noticed a snapping turtle
   570 | D        | Noticed a two-headed ogre
   576 | D        | Killed a two-headed ogre
   577 | D        | Reached skill level 12 in Axes
   577 | D        | Reached skill level 10 in Armour
   577 | D        | Reached XP level 8. HP: 68/81 MP: 7/7
   591 | D        | Killed a snapping turtle
   734 | D        | Reached skill level 13 in Axes
   736 | D        | Reached ****** piety under Trog
   736 | D        | Received a gift from Trog
   760 | D        | Noticed a merfolk
   772 | D        | Killed a merfolk
   772 | D        | Received a gift from Trog
   773 | D        | Reached XP level 9. HP: 43/89 MP: 8/8
   796 | D        | Killed an unseen horror
   797 | D        | Reached skill level 14 in Axes
   920 | D        | Noticed an eight-headed hydra
   920 | D        | Noticed a two-headed ogre
   926 | D        | Killed a nine-headed hydra
   927 | D        | Reached skill level 1 in Stealth
   930 | D        | Killed a two-headed ogre
   931 | D        | Reached skill level 15 in Axes
  1147 | D        | Noticed a gargoyle
  1147 | D        | Noticed a flayed ghost
  1151 | D        | Reached XP level 10. HP: 88/101 MP: 9/9
  1159 | D        | Killed a flayed ghost
  1159 | D        | Killed a gargoyle
  1160 | D        | Reached skill level 16 in Axes
  1160 | D        | Received a gift from Trog
  1220 | D        | Noticed a phantasmal warrior
  1233 | D        | Killed a phantasmal warrior
  1234 | D        | Reached skill level 17 in Axes
  1236 | D        | Received a gift from Trog
  1310 | D        | Noticed a minotaur
  1317 | D        | Killed a minotaur
  1318 | D        | Reached XP level 11. HP: 89/111 MP: 10/10
  1320 | D        | Reached skill level 5 in Dodging
  1403 | D        | Noticed Gastronok
  1417 | D        | Killed Gastronok
  1417 | D        | Received a gift from Trog
  1418 | D        | Reached skill level 15 in Fighting
  1418 | D        | Reached skill level 18 in Axes
  1418 | D        | Reached skill level 15 in Shields
  1521 | D        | Noticed an alligator snapping turtle
  1534 | D        | Killed an alligator snapping turtle
  1765 | D        | Noticed a phantasmal warrior
  1765 | D        | Noticed a boulder beetle
  1765 | D        | Noticed Urug
  1772 | D        | Reached skill level 19 in Axes
  1774 | D        | Killed a phantasmal warrior
  1775 | D        | Noticed a boulder beetle
  1779 | D        | Killed Urug
  1788 | D        | Received a gift from Trog
  1789 | D        | Killed a boulder beetle
  1790 | D        | Reached skill level 15 in Armour
  1840 | D        | Killed a boulder beetle
  1841 | D        | Reached skill level 20 in Axes
  1992 | D        | Received a gift from Trog
  2048 | D        | Found the +3 robe of Folly {Archmagi, Will-- Int+5}
  2158 | D        | Noticed a vampire knight
  2162 | D        | Reached XP level 12. HP: 124/124 MP: 11/11
  2172 | D        | Killed a vampire knight
  2172 | D        | Received a gift from Trog
  2356 | D        | Noticed an alligator snapping turtle
  2357 | D        | Noticed Psyche
  2362 | D        | Killed Psyche
  2370 | D        | Killed an alligator snapping turtle
  2566 | D        | Noticed an ophan
  2569 | D        | Received a gift from Trog
  2579 | D        | Killed an ophan
  2580 | D        | Reached skill level 21 in Axes
  2849 | D        | Noticed a bone dragon
  2850 | D        | Found the +4 Cigotuvi's embrace {rMiasma *Drain rN+}
  2852 | D        | Received a gift from Trog
  2864 | D        | Killed a bone dragon
  2882 | D        | Got the +8 arbalest of Honour {flame, rElec rPois Str-4
                  | Dex-3}
  3085 | D        | Noticed a profane servitor
  3085 | D        | Noticed a great orb of eyes
  3085 | D        | Noticed a rakshasa
  3087 | D        | Noticed a minotaur
  3095 | D        | HP: 4/126 [orc warrior/+0 halberd[Saint Roka] (13)]
  3099 | D        | Noticed an anaconda
  3103 | D        | HP: 4/126 [profane servitor/+3 whip of electrocution (10)]
  3103 | D        | Killed a great orb of eyes
  3113 | D        | Mangled by a profane servitor

Illustrated notes

Levels and vault maps discovered:
D:        pitsprint [storerooms_1, entrance_room_1, metal_vault_8, armoury_2,
          mini_pit_1, grid_room_1, main_hall_1, silver_pit, the_coven_2,
          the_vestibule_1, steel_vault_5, golden_pit, hallway_of_sentries,
          crystal_vault_6, iron_vault_1, final_vault]

Skill      XL: |  1  2  3  4  5  6  7  8  9 10 11 12 |
---------------+-------------------------------------+-----
Fighting       | 4 5 7 8 10 11 13 14 16 18 | 18.9
Armour         | 4 5 7 8 9 10 11 13 14 15 16 | 16.4
Shields        | 4 5 7 8 10 11 12 13 14 16 17 | 17.4
Axes           | 3 6 7 10 12 13 15 17 20 21 | 21.7
Dodging        | 1 2 3 4 5 7 |  7.7
Stealth        | 1 2 |  2.2

Action                   |  1- 3 |  4- 6 |  7- 9 | 10-12 || total
-------------------------+-------+-------+-------+-------++-------
Melee: Hand axe          |    23 |    44 |       |       ||    67
       War axe           |     4 |       |    40 |       ||    44
       Headbutt          |     7 |     7 |    10 |    50 ||    74
       Broad axe         |       |       |    18 |   179 ||   197
Invok: Berserk           |     1 |     1 |     3 |     8 ||    13
       Brothers in Arms  |       |       |     1 |     5 ||     6
       Trog's Hand       |       |       |       |     1 ||     1
  Use: Potion            |       |       |     2 |     7 ||     9
       Scroll            |       |       |       |     2 ||     2
 Stab: Distracted        |       |       |       |     1 ||     1
Armor: Scale mail        |    12 |       |       |    42 ||    54
       Chain mail        |     2 |    13 |    44 |    31 ||    90
Dodge: Dodged            |    10 |     5 |    17 |    52 ||    84
Block: Kite shield       |    16 |    17 |    41 |   101 ||   175

Table legend: (Time is in decaauts)
 A = Elapsed time spent in this place.
 B = Non-inter-level travel time spent in this place.
 C = Inter-level travel time spent in this place.
 D = Time resting spent in this place.
 E = Time spent auto-exploring this place.
 F = Levels seen in this place.
 G = Mean time per level.
                   A        B        C        D        E       F      G
               +--------+--------+--------+--------+--------+-----+--------+
         Total |   3170 |   3170 |      0 |   1971 |    136 |   1 | 3170.0 |
       Dungeon |   3170 |   3170 |      0 |   1971 |    136 |   1 | 3170.0 |
               +--------+--------+--------+--------+--------+-----+--------+

Top non-repeatable levels by time:
       D: 3170 daAuts
